 Dungeon Crawl Stone Soup version 0.30.0-16-gbe6223bb7e (webtiles) character file.

Game seed: 7073684781255042201

4380 Persephone the Spear-Bearer (level 10, -1/77 HPs)
             Began as a Minotaur Fighter on May 20, 2023.
             Was a High Priest of Okawaru.
             Slain by a two-headed ogre
             ... wielding a +0 giant club
              (13 damage)
             ... on level 8 of the Dungeon.
             The game lasted 00:12:05 (7203 turns).

Persephone the Spear-Bearer (Minotaur Fighter)      Turns: 7203, Time: 00:12:06

Health: -1/77      AC:  6    Str: 24    XL:     10   Next: 13%
Magic:  9/9        EV: 10    Int:  5    God:    Okawaru [*****.]
Gold:   499        SH: 10    Dex: 11    Spells: 9/9 levels left

rFire   + . .        o - +0 spear (vamp)
rCold   . . .        c - +1 buckler
rNeg    . . .        z - +0 ring mail {Will+}
rPois   .            (helmet restricted)
rElec   .            A - scarf {+Inv}
rCorr   +            y - +0 pair of gloves
SInv    .            (no boots)
Will    +....        t - amulet of reflection
Stlth   +            h - ring of protection from fire
HPRegen 0.32/turn    r - ring of resist corrosion
MPRegen 0.11/turn

%: reflection
@: no status effects
A: horns 2, retaliatory headbutt
a: Renounce Religion, Evoke Invisibility, Heroism, Finesse, Duel


You were on level 8 of the Dungeon.
You worshipped Okawaru.
Okawaru was extremely pleased with you.
You visited 1 branch of the dungeon, and saw 8 of its levels.

You collected 499 gold pieces.

Inventory:

Hand Weapons
 a - a +1 trident
 o - a +0 vampiric spear (weapon)
Armour
 b - a +0 scale mail
 c - a +1 buckler (worn)
 v - a +0 cloak
 x - a +0 chain mail
 y - a +0 pair of gloves (worn)
 z - a +0 ring mail of willpower (worn)
 A - a scarf of invisibility (worn)
Jewellery
 h - a ring of protection from fire (left hand)
 r - a ring of resist corrosion (right hand)
 t - an amulet of reflection (around neck)
Wands
 B - a wand of light (7)
Scrolls
 d - a scroll of enchant weapon
 n - 8 scrolls of teleportation
 s - 3 scrolls of noise
 C - a scroll of amnesia
Potions
 e - 2 potions of ambrosia
 f - 3 potions of brilliance
 g - 2 potions of curing
 i - a potion of lignification
 j - a potion of heal wounds {unknown}
 k - a potion of resistance {unknown}
 l - 2 potions of berserk rage
 p - 2 potions of attraction
 q - 2 potions of cancellation
 u - 4 potions of flight {unknown}
 w - 2 potions of invisibility


   Skills:
 - Level 3.6 Fighting
 - Level 14.0 Polearms
 - Level 6.0 Throwing
 - Level 3.6 Armour
 - Level 3.6 Shields
 + Level 5.9 Evocations


You had 9 spell levels left.
You didn't know any spells.
Your spell library contained the following spells:

 Spells                   Type           Power      Damage    Failure   Level
 Foxfire                  Conj/Fire      0%         2x1d4     69%         1
 Blink                    Tloc           0%         N/A       83%         2
 Manifold Assault         Tloc           0%         N/A       100%        4
 Fireball                 Conj/Fire      0%         3d3       100%        5
 Plasma Beam              Fire/Air       0%         2x1d11    100%        6
 Starburst                Conj/Fire      0%         6d3       100%        6
 Storm Form               Tmut/Air       0%         N/A       100%        7
 Animate Dead             Necr           Unusable   N/A       N/A         4
 Haunt                    Necr/Summ      Unusable   N/A       N/A         7
 Infestation              Necr           Unusable   N/A       N/A         8

Dungeon Overview and Level Annotations

Branches:
Dungeon (8/15)             Temple (0/1) D:6
   Lair: D:8-11

Altars:
Cheibriados
Dithmenos
Gozag
Okawaru
Vehumet

Annotations:
D:5 2 runed translucent doors, bmack86's ghost, novice DjGl


Innate Abilities, Weirdness & Mutations

You have a pair of horns on your head.
You reflexively headbutt those who attack you in melee.


Message History

Okawaru will now gift you equipment as you gain piety.
The fire elemental disappears in a puff of smoke!
Training target 6.0 for Throwing reached!
Your Throwing skill increases to level 6!
You now have 487 gold pieces (gained 10).
Key pressed, stopping explore.
There is a fountain of clear blue water here.
Key pressed, stopping explore.
You now have 499 gold pieces (gained 12).
There is a fountain of clear blue water here.
Key pressed, stopping explore.
There is a fountain of clear blue water here.
Key pressed, stopping explore.
Key pressed, stopping explore.
There is a fountain of clear blue water here.
Key pressed, stopping explore.
A two-headed ogre comes into view. It is wielding two +0 giant clubs.
The two-headed ogre shouts in stereo!
A two-headed ogre is nearby!
A two-headed ogre is nearby!
You fail to use your ability.
The two-headed ogre hits you with a +0 giant club!
The two-headed ogre hits you with a +0 giant club!!
You hit the two-headed ogre. You headbutt the two-headed ogre.
The two-headed ogre is lightly wounded.
You hit the two-headed ogre.
Your headbutt misses the two-headed ogre.
The two-headed ogre is moderately wounded.
The two-headed ogre hits you with a +0 giant club!!
* * * LOW HITPOINT WARNING * * *
The two-headed ogre hits you with a +0 giant club!
* * * LOW HITPOINT WARNING * * *
Okay, then.
Okay, then.
You feel better.
The two-headed ogre attacks as you move away!
The two-headed ogre hits you with a +0 giant club.
* * * LOW HITPOINT WARNING * * *
The two-headed ogre hits you with a +0 giant club!
You die...

....+...#.##.......#
.......#####.#.#####
....................
...#+#.......#.#####
... +....####.#
...#+#....# #.#
..........####.#
#............###
###...#..#..#...@####.#
.....).##.##.....O....#
......##.8.##..#.######
....)####.####.#.#
.....#.#.#.#.#...###
....#.⌠.###.⌠.#....#
.....#.#.#.#.#..##.#
......###.###..###.#
##...###.♣.###.# #.#


You could see a two-headed ogre.

Vanquished Creatures
  A deep elf pyromancer (D:8)
  A wyvern (D:8)
  6 yaks (D:7)
  2 steam dragons (D:7)
  2 water moccasins (D:6)
  3 ice beasts
  A sky beast (D:6)
  A black bear (D:5)
  An ogre (D:5)
  A centaur (D:8)
  5 phantoms
  A gnoll sergeant (D:4)
  A kobold brigand (D:7)
  A scorpion (D:5)
  7 howler monkeys (D:7)
  9 hounds
  A gnoll bouda (D:8)
  4 orc priests
  Crazy Yiuf (D:6)
  4 sleepcaps
  9 iguanas
  3 orc wizards
  3 gnolls (D:8)
  9 adders
  A white imp (D:7)
  2 ufetubi
  3 worms (D:3)
  2 dart slugs
  15 orcs
  4 ball pythons
  11 endoplasms
  3 giant cockroaches
  3 hobgoblins
  6 jackals
  13 kobolds
  3 quokkas
  3 bats
  5 frilled lizards
  5 goblins
  2 rats
158 creatures vanquished.

Notes
Turn   | Place    | Note
-------+----------+-------------------------------------------
     0 | D:1      | Persephone the Minotaur Fighter began the quest for the
                  | Orb.
     0 | D:1      | Reached XP level 1. HP: 19/19 MP: 0/0
    99 | D:1      | Reached skill level 3 in Polearms
   126 | D:1      | Reached XP level 2. HP: 26/26 MP: 1/1
   541 | D:1      | Reached skill level 4 in Polearms
   894 | D:2      | Found a faded altar of an unknown god.
   965 | D:2      | Reached XP level 3. HP: 30/31 MP: 2/2
  2043 | D:3      | Reached skill level 5 in Polearms
  2121 | D:3      | Reached XP level 4. HP: 39/39 MP: 3/3
  2471 | D:3      | Reached skill level 6 in Polearms
  2801 | D:4      | Found a shadowy altar of Dithmenos.
  2918 | D:4      | Found an iron altar of Okawaru.
  2920 | D:4      | Noticed a gnoll sergeant
  2923 | D:4      | Found a transporter.
  2942 | D:4      | Found a transporter.
  2963 | D:4      | Killed a gnoll sergeant
  2964 | D:4      | Reached skill level 7 in Polearms
  2964 | D:4      | Reached XP level 5. HP: 42/45 MP: 4/4
  3006 | D:4      | Became a worshipper of Warmaster Okawaru
  3761 | D:5      | Entered Level 5 of the Dungeon
  3797 | D:5      | Reached XP level 6. HP: 48/51 MP: 5/5
  3845 | D:5      | Reached skill level 8 in Polearms
  3958 | D:5      | Found a large runed translucent door.
  3958 | D:5      | Found a large runed translucent door.
  3997 | D:5      | Noticed bmack86's ghost (novice DjGl)
  4040 | D:5      | Reached skill level 9 in Polearms
  4052 | D:5      | Found an opulent altar of Gozag.
  4052 | D:5      | Found a snail-covered altar of Cheibriados.
  4056 | D:5      | Noticed an ice beast
  4091 | D:5      | Reached * piety under Okawaru
  4092 | D:5      | Reached XP level 7. HP: 57/57 MP: 6/6
  4381 | D:5      | Reached skill level 10 in Polearms
  4434 | D:5      | Noticed a yak
  4634 | D:5      | Reached ** piety under Okawaru
  4635 | D:5      | Reached skill level 11 in Polearms
  4763 | D:6      | Reached XP level 8. HP: 61/64 MP: 7/7
  4813 | D:6      | Reached skill level 12 in Polearms
  5322 | D:6      | Reached skill level 13 in Polearms
  5476 | D:6      | Reached *** piety under Okawaru
  5490 | D:6      | Found a staircase to the Ecumenical Temple.
  5695 | D:6      | Found a runed translucent door.
  5696 | D:6      | Noticed Crazy Yiuf
  5715 | D:6      | Killed Crazy Yiuf
  5816 | D:7      | Reached skill level 14 in Polearms
  5816 | D:7      | Reached XP level 9. HP: 70/70 MP: 8/8
  5866 | D:7      | Reached skill level 1 in Throwing
  5866 | D:7      | Reached skill level 1 in Evocations
  6166 | D:7      | Reached **** piety under Okawaru
  6197 | D:7      | Reached skill level 5 in Throwing
  6216 | D:7      | Received a gift from Okawaru
  6217 | D:7      | Reached skill level 5 in Evocations
  6823 | D:8      | Found a radiant altar of Vehumet.
  6935 | D:8      | Identified the +0 robe "Qienetac" {rC+}
  7073 | D:8      | Reached XP level 10. HP: 72/77 MP: 9/9
  7111 | D:8      | Noticed a deep elf pyromancer
  7128 | D:8      | Killed a deep elf pyromancer
  7128 | D:8      | Reached ***** piety under Okawaru
  7196 | D:8      | Noticed a two-headed ogre
  7203 | D:8      | Slain by a two-headed ogre

Illustrated notes

Levels and vault maps discovered:
D:1:      matt_arrival_refuge, layout_basic, grunt_decor_resistance
D:2:      minmay_door_path, layout_basic, shapermc_ecumenical_altar_pompeii,
          minmay_tromino_v4_a
D:3:      layout_basic, serial_corexii_hall, corexii_hall_statues_i,
          corexii_hall_statues_i, nicolae_half_adder
D:4:      layout_basic, nicolae_dithmenos_the_darkroom,
          gammafunk_temple_overflow_arena, small_statue_intersection,
          chequers_serial_rivers_micro_d, nicolae_kite_square_tiling_tiny
D:5:      minmay_angry_zag, layout_cave_pools, jmf_multi_god_temple,
          ebering_ghost_disaster_area, lightli_corner_chamber
D:6:      layout_rooms, minmay_temple_entry_nine_rooms,
          minmay_fractal_squares_5, uniq_crazy_yiuf_cottage
D:7:      nicolae_BIG_FREAKIN_CUBE, layout_loops_cross
D:8:      layout_basic, mainiacjoe_overflow_small_starburst,
          kennysheep_mini_moat, nzn_hepliaklqana_mist_gate, marbit_many_paths,
          grunt_decor_mini_mirrors, nicolae_grassy_gnolls

Skill      XL: |  1  2  3  4  5  6  7  8  9 10 |
---------------+-------------------------------+-----
Polearms       | 3 4 5 7 9 11 14 | 14.0
Throwing       | 5 6 |  6.0
Evocations     | 5 |  5.9
Fighting       | |  3.6
Armour         | |  3.6
Shields        | |  3.6

Action                     |  1- 3 |  4- 6 |  7- 9 | 10-12 || total
---------------------------+-------+-------+-------+-------++-------
  Melee: Trident           |    91 |    72 |       |       ||   163
         Headbutt          |    12 |    22 |    78 |    10 ||   122
         Spear             |       |    86 |   467 |    34 ||   587
  Throw: Boomerang         |       |       |     1 |       ||     1
 Invoke: Heroism           |       |       |     1 |       ||     1
    Use: Scroll            |     5 |     8 |     4 |       ||    17
         Potion            |       |     2 |       |     1 ||     3
   Stab: Distracted        |       |       |     1 |       ||     1
 Armour: Scale mail        |    25 |    11 |       |       ||    36
         Chain mail        |       |    36 |    89 |       ||   125
         Ring mail         |       |       |    15 |     1 ||    16
  Dodge: Dodged            |    21 |    45 |   103 |     3 ||   172
  Block: Buckler           |    13 |    17 |    63 |     7 ||   100
         Reflection        |       |       |       |     4 ||     4
